 Dungeon Crawl Stone Soup version 0.31-a0-263-ge8cad7f256 (webtiles) character file.

Game seed: 14113542795914568826

305 qw the Skirmisher (level 6, -3/51 HPs)
             Began as a Minotaur Hexslinger on July 13, 2023.
             Slain by a gnoll
             ... wielding a +0 spear
             ... led by a gnoll bouda
              (4 damage)
             ... on level 4 of the Dungeon.
             The game lasted 00:00:54 (2859 turns).

qw the Skirmisher (Minotaur Hexslinger)             Turns: 2859, Time: 00:00:54

Health: -3/51      AC:  3    Str: 12 (13) XL:     6   Next: 15%
Magic:  6/6        EV: 11    Int:  7 (10) God:
Gold:   173        SH:  0    Dex: 11 (14) Spells: 6/7 levels left

rFire   . . .        Y - +1 sling
rCold   . . .        (no shield)
rNeg    . . .        j - +0 leather armour
rPois   .            (helmet restricted)
rElec   .            (no cloak)
rCorr   .            (no gloves)
SInv    +            (no boots)
Will    .....        (no amulet)
Stlth   +            d - ring of see invisible
HPRegen 0.28/turn    (no ring)
MPRegen 0.10/turn

%: no passive effects
@: no status effects
A: horns 2, retaliatory headbutt
a: no special abilities


You were on level 4 of the Dungeon.
You visited 1 branch of the dungeon, and saw 4 of its levels.

You collected 173 gold pieces.


Innate Abilities, Weirdness & Mutations

You have a pair of horns on your head.
You reflexively headbutt those who attack you in melee.


   Skills:
 + Level 3.4 Fighting
 - Level 13.0 Ranged Weapons
 - Level 2.1 Dodging
 - Level 1.0 Spellcasting
 - Level 2.0 Hexes


You had 6 spell levels left.
You knew the following spells:

 Your Spells              Type           Power      Damage    Failure   Level
a - Slow                  Hex            12%        N/A       24%         1

Your spell library contained the following spells:

 Spells                   Type           Power      Damage    Failure   Level
 Inner Flame              Hex/Fire       1%         N/A       71%         3
 Portal Projectile        Hex/Tloc       2%         N/A       71%         3
 Cause Fear               Hex            1%         N/A       93%         4

Inventory:

Hand Weapons
 Y - a +1 sling (weapon)
Armour
 j - a +0 leather armour (worn)
Jewellery
 d - a ring of see invisible (left hand)
Scrolls
 a - a scroll of fear {unknown}
 i - a scroll of identify
Potions
 b - a potion of haste {unknown}
 c - a potion of attraction {unknown}
 e - a potion of berserk rage {unknown}
 h - a potion of heal wounds {unknown}

Dungeon Overview and Level Annotations

Branches:
Dungeon (4/15)
 Temple: D:4-7

Altars:
Vehumet

Shops:
D:2 =

Annotations:
D:2 1 runed translucent door, Crazy Yiuf


Message History

The sling bullet closely misses the gnoll.
The gnoll misses you.
The gnoll hits you from afar with a +0 spear.
You shoot a sling bullet. The sling bullet hits the gnoll!
You kill the gnoll!
The gnoll barely misses you.
You have reached level 6!
You shoot a sling bullet. The sling bullet hits the gnoll.
The gnoll is lightly wounded.
The gnoll completely misses you.
You shoot a sling bullet. The sling bullet hits the gnoll.
The gnoll is heavily wounded.
The gnoll closely misses you. The gnoll hits you with a +0 club.
The gnoll hits you from afar with a +0 halberd.
You shoot a sling bullet. The sling bullet hits the gnoll!
You kill the gnoll!
You shoot a sling bullet. The sling bullet hits the gnoll.
You kill the gnoll!
The gnoll hits you but does no damage.
You shoot a sling bullet. The sling bullet hits the gnoll.
The gnoll is lightly wounded.
The gnoll hits you from afar with a +0 spear.
You shoot a sling bullet. The sling bullet hits the gnoll.
The gnoll is lightly wounded.
The gnoll barely misses you.
The gnoll hits you from afar with a +0 spear.
You shoot a sling bullet. The sling bullet hits the gnoll.
The gnoll is heavily wounded.
The gnoll closely misses you. You furiously retaliate!
You headbutt the gnoll!
You kill the gnoll!
The gnoll hits you from afar with a +0 spear.
You shoot a sling bullet.
The sling bullet hits the gnoll but does no damage.
You shoot a sling bullet.
The sling bullet completely misses the gnoll.
The gnoll misses you. The gnoll hits you with a +0 whip.
You shoot a sling bullet. The sling bullet hits the gnoll.
The gnoll is moderately wounded.
The gnoll hits you from afar with a +0 spear.
You die...

#.# #.#
#.# #.##
#..# ##.#
#.# #.#
#@# #g#
......g)#
....##..#
.. #..#
...#
....#
...$#
.#.#.#


You could see 2 gnolls.

Vanquished Creatures
  5 gnolls (D:4)
  6 adders
  2 dart slugs (D:3)
  10 orcs
  2 bats (D:1)
  4 endoplasms
  2 giant cockroaches
  7 goblins
  6 hobgoblins
  4 quokkas
  5 ball pythons
  2 frilled lizards (D:3)
  6 kobolds
  5 rats
66 creatures vanquished.

Notes
Turn   | Place    | Note
-------+----------+-------------------------------------------
     0 | D:1      | qw the Minotaur Hexslinger began the quest for the Orb.
     0 | D:1      | Reached XP level 1. HP: 16/16 MP: 1/1
     0 | D:1      | 0 ||| qw: Version: 0.3-a-52-g30416fa
     0 | D:1      | 0 ||| qw: Game counter: 7531
     0 | D:1      | 0 ||| qw: Melee chars always use a shield: true
     0 | D:1      | 0 ||| qw: God list: Okawaru
     0 | D:1      | 0 ||| qw: Allow faded altars: false
     0 | D:1      | 0 ||| qw: Do Orc after clearing Dungeon:15 true
     0 | D:1      | 0 ||| qw: Do second Lair branch before Depths: true
     0 | D:1      | 0 ||| qw: Lair rune preference: random
     0 | D:1      | 0 ||| qw: Goals: Normal
     0 | D:1      | 0 ||| PLANNING D:1-11
   161 | D:1      | Reached skill level 3 in Ranged Weapons
   173 | D:1      | Reached XP level 2. HP: 23/23 MP: 2/2
   734 | D:1      | 734 ||| READING scroll labelled QATACOTIHU.
   735 | D:1      | 735 ||| DROPPING scroll of poison.
   745 | D:2      | Identified the +6 quarterstaff of Comy {drain, Str+5}
   772 | D:2      | Reached XP level 3. HP: 12/29 MP: 3/3
   871 | D:2      | Found a faded altar of an unknown god.
   960 | D:2      | Reached skill level 4 in Ranged Weapons
  1048 | D:2      | Found Poerylui's Jewellery Shop.
  1060 | D:2      | 1060 ||| SHOPLISTING +5 ring of evasion (432 gold, have
                  | 65).
  1060 | D:2      | 1060 ||| SHOPLISTING +6 ring of dexterity (432 gold, have
                  | 65).
  1060 | D:2      | 1060 ||| SHOPLISTING +6 ring of strength (432 gold, have
                  | 65).
  1060 | D:2      | 1060 ||| SHOPLISTING ring of fire (300 gold, have 65).
  1060 | D:2      | 1060 ||| SHOPLISTING ring of see invisible (180 gold, have
                  | 65).
  1205 | D:2      | Reached XP level 4. HP: 32/36 MP: 4/4
  1377 | D:2      | Found a runed translucent door.
  1378 | D:2      | Noticed Crazy Yiuf
  1563 | D:2      | 1563 ||| READING scroll labelled WIACKE CACOYWO.
  1564 | D:2      | 1564 ||| READING scroll labelled RODUUJ GEUXTA.
  1565 | D:2      | 1565 ||| READING scroll labelled ESUBIAJE LUSU.
  1932 | D:3      | Reached skill level 5 in Ranged Weapons
  2450 | D:3      | Found a radiant altar of Vehumet.
  2455 | D:3      | 2455 ||| FLEEEEING.
  2456 | D:3      | 2456 ||| FLEEEEING.
  2457 | D:3      | 2457 ||| FLEEEEING.
  2458 | D:3      | 2458 ||| FLEEEEING.
  2606 | D:3      | Reached skill level 3 in Fighting
  2768 | D:3      | 2768 ||| UPGRADING to +0 leather armour.
  2778 | D:3      | 2778 ||| DROPPING +0 robe.
  2779 | D:3      | 2779 ||| UPGRADING to ring of see invisible.
  2780 | D:3      | 2780 ||| READING scroll labelled RUONNI NAPRAQ.
  2781 | D:3      | 2781 ||| READING scroll labelled IGUZXI AGA GUO.
  2782 | D:3      | 2782 ||| DRINKING 2 clear potions.
  2783 | D:3      | 2783 ||| READING 2 scrolls of identify.
  2783 | D:3      | 2783 ||| IDENTIFYING coppery potion
  2784 | D:3      | 2784 ||| DRINKING potion of experience.
  2784 | D:3      | Reached skill level 13 in Ranged Weapons
  2784 | D:3      | Reached XP level 5. HP: 45/45 MP: 5/5
  2785 | D:3      | 2785 ||| DROPPING potion of degeneration.
  2840 | D:4      | 2840 ||| Stepping ~*~*~tactically~*~*~ (outnumbered).
  2850 | D:4      | Reached XP level 6. HP: 18/51 MP: 6/6
  2851 | D:4      | HP: 12/51 [gnoll/+0 halberd (4)]
  2855 | D:4      | HP: 5/51 [gnoll/+0 spear[a gnoll bouda] (2)]
  2858 | D:4      | HP: 1/51 [gnoll/+0 whip[a gnoll bouda] (4)]
  2859 | D:4      | Slain by a gnoll

Levels and vault maps discovered:
D:1:      spicycebolla_green_bress_n_ham_2, layout_basic
D:2:      layout_rooms, serial_shops, shop,
          hellmonk_ecumenical_altar_defaced_shrine, uniq_crazy_yiuf_cottage
D:3:      layout_basic, fiery_altar_vehumet, grunt_decor_clamped,
          minmay_shallow_snake_nest
D:4:      layout_loops_ring, gammafunk_ghost_nasty_kobolds

Skill      XL: |  1  2  3  4 |
---------------+-------------+-----
Ranged Weapons | 3 4 13 | 13.0
Fighting       | 2 3 |  3.4
Dodging        | |  2.1
Spellcasting   | |  1.0
Hexes          | |  2.0

Action                     |  1- 3 |  4- 6 || total
---------------------------+-------+-------++-------
   Fire: Sling             |    95 |   106 ||   201
    Use: Scroll            |     1 |     6 ||     7
         Potion            |       |     2 ||     2
 Armour: Robe              |     5 |     1 ||     6
         Leather armour    |       |     1 ||     1
  Dodge: Dodged            |    33 |    29 ||    62

Table legend:
 A = Non-vault XP
 B = Vault XP
 C = Vault XP percentage of total XP
 D = Non-vault monster count
 E = Vault monster count
 F = Vault count percentage of total count
                 A         B        C        D         E       F
            +---------+---------+-------+---------+---------+-------
      Total |     230 |      29 |  11.2 |      58 |       8 |  12.1
            +---------+---------+-------+---------+---------+-------
        D:1 |      30 |       0 |   0.0 |      17 |       0 |   0.0
        D:2 |      61 |      12 |  16.4 |      16 |       4 |  20.0
        D:3 |      68 |      17 |  20.0 |      20 |       4 |  16.7
        D:4 |      71 |       0 |   0.0 |       5 |       0 |   0.0
            +---------+---------+-------+---------+---------+-------
